 Dungeon Crawl Stone Soup version 0.29.0-3-gbb0933ed62 (webtiles) character file.

Game seed: 2349581973053560827

174 voltaire321 the Stinger (level 5, 0/38 HPs)
             Began as a Demonspawn Venom Mage on Aug 25, 2022.
             Killed by nerve-wracking pain
             ... invoked by Grinder
              (3 damage)
             ... on level 3 of the Dungeon.
             The game lasted 00:07:30 (3668 turns).

voltaire321 the Stinger (Demonspawn Venom Mage)     Turns: 3668, Time: 00:07:30

Health: 0/38       AC:  5    Str:  8    XL:     5   Next: 28%
Magic:  9/9        EV: 13    Int: 18    God:
Gold:   197        SH:  0    Dex: 14    Spells: 7/10 levels left

rFire   . . .      SeeInvis .   g - +0 dagger (venom)
rCold   . . .      Faith    .   (no shield)
rNeg    + . .      Spirit   .   a - +0 robe
rPois   .          Reflect  .   (helmet restricted)
rElec   .          Harm     .   p - +0 cloak
rCorr   .          Rampage  .   s - +1 pair of gloves
Will    .....                   (no boots)
Stlth   ++........              (no amulet)
HPRegen 0.12/turn               j - ring of positive energy
MPRegen 0.11/turn               (no ring)

@: no status effects
A: horns 2
a: no special abilities


You were on level 3 of the Dungeon.
You visited 1 branch of the dungeon, and saw 3 of its levels.

You collected 197 gold pieces.

Inventory:

Hand Weapons
 g - a +0 dagger of venom (weapon)
Armour
 a - a +0 robe (worn)
 p - a +0 cloak (worn)
 s - a +1 pair of gloves (worn)
Jewellery
 j - a ring of positive energy (left hand)
 n - a ring of flight
Scrolls
 c - a scroll of magic mapping
 e - a scroll of poison
 h - a scroll of enchant armour
Potions
 b - a potion of magic
 d - a potion of might {unknown}
 f - 3 potions of heal wounds {unknown}
 i - 2 potions of curing {unknown}
 k - a potion of ambrosia {unknown}
 l - a potion of haste {unknown}
 o - a potion of brilliance {unknown}
 q - a potion of invisibility {unknown}


   Skills:
 + Level 2.2 Fighting
 + Level 2.9 Dodging
 - Level 1.7 Stealth
 + Level 3.1 Spellcasting
 - Level 1.0 Transmutations
 + Level 3.9 Poison Magic


You had 7 spell levels left.
You knew the following spells:

 Your Spells              Type           Power      Damage    Failure   Level
a - Sting                 Tmut/Pois      44%        1d5       6%          1
b - Poisonous Vapours     Pois/Air       18%        N/A       11%         2

Your spell library contained the following spells:

 Spells                   Type           Power      Damage    Failure   Level
 Mephitic Cloud           Conj/Pois/Air  7%         N/A       28%         3
 Olgreb's Toxic Radiance  Pois           17%        N/A       32%         4


Dungeon Overview and Level Annotations

Branches:
Dungeon (3/15)

Altars:
Uskayaw

Annotations:
D:3 Grinder


Innate Abilities, Weirdness & Mutations

You have a pair of horns on your head.


Message History

Pain shoots through your body!
* * * LOW HITPOINT WARNING * * *
Casting: Sting (safe; 6% risk of failure)
Confirm with . or Enter, or press ? or * to list all spells.
Aiming: Sting (safe; 6% risk of failure)
Press: ? - help, Shift-Dir - straight line, f - Grinder
Aim: Grinder (poison gas, inner flame, 68% to hit)
The sting hits Grinder.
Grinder is poisoned.
Flame seeps out of Grinder.
Grinder is lightly wounded.
You closely miss Grinder.
Flame seeps out of Grinder.
You headbutt Grinder.
Grinder is lightly wounded.
Grinder closely misses you.
You closely miss Grinder. You headbutt Grinder, but do no damage.
Grinder is lightly wounded.
Grinder gestures at you. You resist with significant effort.
Flame seeps out of Grinder.
Flame seeps out of Grinder.
Grinder gestures at you.
You suddenly lose the ability to move!
Flame seeps out of Grinder. x2
Grinder hits you.
* * * LOW HITPOINT WARNING * * *
You writhe in agony.
* * * LOW HITPOINT WARNING * * *
Flame seeps out of Grinder.
Grinder hits you.
* * * LOW HITPOINT WARNING * * *
You writhe in agony.
* * * LOW HITPOINT WARNING * * *
Grinder looks more healthy.
Grinder hits you but does no damage.
You can move again.
You see here a +0 leather armour.
A goblin comes into view. It is wielding a +0 club.
The goblin shouts!
A ball python comes into view.
Grinder rolls her eyes.
The goblin hits you but does no damage. Grinder gestures at you.
Pain shoots through your body!
You die...

#........# #........# #........#
****** #........## *,,,,*
#.........# *,,,,*
#.........###### *,,..*
#..............###....*
#.........[.5..g..S...* *****
*##.....?..#####@###...,****,,,*
,........#####..........,,,,,*,*
,........†.....#...#....*****#.#
,>.......#.........#,,..* #.#
,........#...>.....#***** #.#
*###.#####.........# #.# #.*
#.>.......# #.# #,***
#.........# #.# *,,,*
#.........# #####.##


You could see Grinder (inner flame), a goblin and a ball python (wandering).

Vanquished Creatures
  Crazy Yiuf (D:2)
  Natasha (D:3)
  6 adders
  5 ball pythons
  6 endoplasms
  2 giant cockroaches (D:1)
  5 goblins
  6 hobgoblins
  7 jackals
  5 kobolds
  5 quokkas
  7 bats
  3 frilled lizards
  4 rats (D:1)
63 creatures vanquished.

Vanquished Creatures (others)
  2 plants (D:1)
2 creatures vanquished.

Grand Total: 65 creatures vanquished

Notes
Turn   | Place    | Note
-------+----------+-------------------------------------------
     0 | D:1      | voltaire321 the Demonspawn Venom Mage began the quest for
                  | the Orb.
     0 | D:1      | Reached XP level 1. HP: 13/13 MP: 3/3
    65 | D:1      | Reached skill level 1 in Transmutations
   365 | D:1      | Gained mutation: You have a pair of small horns on your
                  | head. [demonic ancestry]
   365 | D:1      | Reached XP level 2. HP: 20/20 MP: 1/5
   761 | D:1      | Reached skill level 1 in Fighting
   894 | D:1      | Gained mutation: You have a pair of horns on your head.
                  | [demonic ancestry]
   894 | D:1      | Reached XP level 3. HP: 25/26 MP: 4/6
  1420 | D:1      | Found a faded altar of an unknown god.
  1959 | D:2      | Reached XP level 4. HP: 25/32 MP: 5/7
  2723 | D:2      | Found a runed translucent door.
  2724 | D:2      | Noticed Crazy Yiuf
  2733 | D:2      | Killed Crazy Yiuf
  3261 | D:3      | Reached XP level 5. HP: 38/38 MP: 7/9
  3279 | D:3      | Found a hide-covered altar of Uskayaw.
  3282 | D:3      | Noticed Natasha
  3291 | D:3      | Killed Natasha
  3295 | D:3      | Learned a level 2 spell: Poisonous Vapours
  3638 | D:3      | Noticed Grinder
  3648 | D:3      | Paralysed by Grinder for 5 turns
  3659 | D:3      | Paralysed by Grinder for 5 turns
  3668 | D:3      | Killed from afar by Grinder

Illustrated notes

Levels and vault maps discovered:
D:1:      grunt_arrival_lava_bath, layout_loops_ring,
          shapermc_ecumenical_altar_hornbeckon
D:2:      layout_basic, minmay_unequal, uniq_crazy_yiuf_cottage
D:3:      layout_rooms, mainiacjoe_overflow_brackets, amcnicky_altar_gilded,
          uniq_jessica, uniq_grinder, uniq_natasha

Skill      XL: |  1  2  3  4 |
---------------+-------------+-----
Transmutations | 1 |  1.0
Dodging        | 2 |  2.9
Fighting       | 1 2 |  2.2
Spellcasting   | 3 |  3.1
Stealth        | |  1.7
Poison Magic   | |  3.9

Action                   |  1- 3 |  4- 6 || total
-------------------------+-------+-------++-------
Melee: Unarmed           |     5 |       ||     5
       Dagger            |    64 |    42 ||   106
       Headbutt          |     7 |    10 ||    17
 Cast: Sting             |    51 |    23 ||    74
  Use: Scroll            |       |     5 ||     5
 Stab: Sleeping          |     4 |     1 ||     5
Armor: Robe              |    24 |    11 ||    35
Dodge: Dodged            |    78 |    21 ||    99
